ITL
HAVANA ROLLERS @ TRENTON STARS
04/25/2025
 
TOP OF THE 1ST
Havana Rollers batting - Pitching for Trenton Stars : RHP José Ortíz
Pitching: RHP José Ortíz
Batting: RHB Ed Sims 0-0: Called Strike
0-1: Foul Ball, location: 2F
0-2: Strikes out swinging
Batting: RHB Jack Bailey 0-0: Ball
1-0: SINGLE (Flyball, 8RS)
Batting: LHB Doug Thompson 0-0: Ball
1-0: Swinging Strike
1-1: Foul Ball, location: 2F
1-2: Strikes out swinging
Batting: LHB Wilson Allen 0-0: Fielders Choice at 2nd, 5-4 (Groundball, 56)
Top of the 1st over - 0 run(s), 1 hit(s), 0 error(s), 0 left on base; Havana 0 - Trenton 0
BOTTOM OF THE 1ST
Trenton Stars batting - Pitching for Havana Rollers : LHP Guillermo Orozco
Pitching: LHP Guillermo Orozco
Batting: RHB Clancy Booker 0-0: Called Strike
0-1: SINGLE (Line Drive, 3D)
Batting: RHB José Balina 0-0: Grounds out, U3 (Groundball, 3L)
Batting: LHB Jeff Gordon 0-0: Swinging Strike
0-1: Ball
1-1: Foul Ball, location: 2F
1-2: Strikes out swinging
Batting: RHB Salvador Gonzáles 0-0: Called Strike
0-1: DOUBLE (Line Drive, 4D)
Clancy Booker scores
Batting: LHB Robinson Fernández 0-0: Ball
1-0: Foul Ball, location: 2F
1-1: Ball
2-1: Swinging Strike
2-2: Ground out 4-3 (Groundball, 4)
Bottom of the 1st over - 1 run(s), 2 hit(s), 0 error(s), 1 left on base; Havana 0 - Trenton 1
TOP OF THE 2ND
Havana Rollers batting - Pitching for Trenton Stars : RHP José Ortíz
Batting: LHB Enrique Cortéz 0-0: Foul Ball, location: 2F
0-1: Ball
1-1: Foul Ball, location: 2F
1-2: Ground out 1-3 (Groundball, 13)
Batting: LHB Phil Smith 0-0: Ground out 1-3 (Groundball, 13)
Batting: RHB Frédéric Poitras 0-0: Called Strike
0-1: Swinging Strike
0-2: Strikes out swinging
Top of the 2nd over - 0 run(s), 0 hit(s), 0 error(s), 0 left on base; Havana 0 - Trenton 1
BOTTOM OF THE 2ND
Trenton Stars batting - Pitching for Havana Rollers : LHP Guillermo Orozco
Batting: RHB Jesús Dávila 0-0: Ball
1-0: Called Strike
1-1: Ball
2-1: SINGLE (Line Drive, 56)
Batting: LHB Felipe Guerrero 0-0: Foul Ball, location: 2F
0-1: Fly out, F7 (Popup, 7LS)
Batting: RHB Felipe Olivas 0-0: Ball
1-0: Fly out, F4 (Line Drive, 4)
1-0: Lined into DP, 4-3 (Line Drive, 4)
Bottom of the 2nd over - 0 run(s), 1 hit(s), 0 error(s), 0 left on base; Havana 0 - Trenton 1
TOP OF THE 3RD
Havana Rollers batting - Pitching for Trenton Stars : RHP José Ortíz
Batting: LHB Bob Martin 0-0: Hit by Pitch
Batting: LHB Felipe Cruz 0-0: Foul Ball, location: 2F
0-1: Swinging Strike
0-2: Foul Ball, location: 2F
0-2: Foul Ball, location: 2F
0-2: Ball
1-2: Foul Ball, location: 2F
1-2: Ball
2-2: Ball
Wild Pitch!
Bob Martin to second
3-2: Strikes out swinging
Batting: RHB Ed Sims 0-0: Fly out, F4 (Popup, 8RS)
Batting: RHB Jack Bailey 0-0: Called Strike
0-1: Called Strike
0-2: Ball
1-2: Foul Ball, location: 2F
1-2: Foul Ball, location: 2F
1-2: Ball
2-2: Foul Ball, location: 2F
2-2: Ball
3-2: Base on Balls
Batting: LHB Doug Thompson 0-0: Ball
1-0: Called Strike
1-1: Swinging Strike
1-2: Ball
2-2: Ball
3-2: Base on Balls
Bob Martin to third
Jack Bailey to second
Batting: LHB Wilson Allen 0-0: Swinging Strike
0-1: Fly out, F7 (Line Drive, 7LD)
Top of the 3rd over - 0 run(s), 0 hit(s), 0 error(s), 3 left on base; Havana 0 - Trenton 1
BOTTOM OF THE 3RD
Trenton Stars batting - Pitching for Havana Rollers : LHP Guillermo Orozco
Batting: SHB Rafael Villa 0-0: Called Strike
0-1: Fly out, F8 (Flyball, 8LXD)
Batting: RHB Clancy Booker 0-0: Called Strike
0-1: Ball
1-1: Ball
2-1: Foul Ball, location: 2F
2-2: Fly out, F6 (Popup, 6)
Batting: RHB José Balina 0-0: SOLO HOME RUN (Line Drive, 8RXD), Distance : 421 ft
Batting: LHB Jeff Gordon 0-0: Swinging Strike
0-1: Swinging Strike
0-2: Strikes out swinging
Bottom of the 3rd over - 1 run(s), 1 hit(s), 0 error(s), 0 left on base; Havana 0 - Trenton 2
TOP OF THE 4TH
Havana Rollers batting - Pitching for Trenton Stars : RHP José Ortíz
Batting: LHB Enrique Cortéz 0-0: Ball
1-0: Foul Ball, location: 2F
1-1: SINGLE (Line Drive, 6D)
Batting: LHB Phil Smith 0-0: Called Strike
0-1: Ball
1-1: Ball
Wild Pitch!
Enrique Cortéz to second
2-1: Ground out 5-3 (Groundball, 56S)
Enrique Cortéz to third
Batting: RHB Frédéric Poitras 0-0: Ball
1-0: Ball
2-0: Ball
3-0: Called Strike
3-1: Called Strike
3-2: SINGLE (Line Drive, 56D)
Enrique Cortéz scores
Batting: LHB Bob Martin 0-0: Ball
1-0: Fly out, F3 (Popup, 13)
Batting: LHB Felipe Cruz 0-0: Called Strike
0-1: Foul Ball, location: 2F
0-2: Strikes out swinging
Top of the 4th over - 1 run(s), 2 hit(s), 0 error(s), 1 left on base; Havana 1 - Trenton 2
BOTTOM OF THE 4TH
Trenton Stars batting - Pitching for Havana Rollers : LHP Guillermo Orozco
Batting: RHB Salvador Gonzáles 0-0: Called Strike
0-1: Ball
1-1: Ball
2-1: Fly out, F9 (Flyball, 9D)
Batting: LHB Robinson Fernández 0-0: Ball
1-0: Ball
2-0: Called Strike
2-1: Ball
3-1: Swinging Strike
3-2: Base on Balls
Batting: RHB Jesús Dávila 0-0: Ball
1-0: Ball
2-0: Called Strike
2-1: Foul Ball, location: 2F
2-2: Foul Ball, location: 2F
2-2: Grounds into double play, 5-4-3 (Groundball, 56)
Bottom of the 4th over - 0 run(s), 0 hit(s), 0 error(s), 0 left on base; Havana 1 - Trenton 2
TOP OF THE 5TH
Havana Rollers batting - Pitching for Trenton Stars : RHP José Ortíz
Batting: RHB Ed Sims 0-0: Called Strike
0-1: Swinging Strike
0-2: Ground out 4-3 (Groundball, 4)
Batting: RHB Jack Bailey 0-0: Called Strike
0-1: Fly out, F4 (Line Drive, 4)
Batting: LHB Doug Thompson 0-0: Ball
1-0: Foul Ball, location: 2F
1-1: Called Strike
1-2: Ball
2-2: Strikes out swinging
Top of the 5th over - 0 run(s), 0 hit(s), 0 error(s), 0 left on base; Havana 1 - Trenton 2
BOTTOM OF THE 5TH
Trenton Stars batting - Pitching for Havana Rollers : LHP Guillermo Orozco
Batting: LHB Felipe Guerrero 0-0: Fly out, F6 (Line Drive, 6D)
Batting: RHB Felipe Olivas 0-0: Called Strike
0-1: Ball
1-1: Foul Ball, location: 2F
1-2: Ball
2-2: Foul Ball, location: 2F
2-2: Foul Ball, location: 2F
2-2: Fly out, F8 (Flyball, 78M)
Batting: SHB Rafael Villa 0-0: Called Strike
0-1: Called Strike
0-2: Ball
1-2: Foul Ball, location: 2F
1-2: Fly out, F4 (Popup, 34D)
Bottom of the 5th over - 0 run(s), 0 hit(s), 0 error(s), 0 left on base; Havana 1 - Trenton 2
TOP OF THE 6TH
Havana Rollers batting - Pitching for Trenton Stars : RHP José Ortíz
Batting: LHB Wilson Allen 0-0: Ball
1-0: Ball
2-0: Ball
3-0: Called Strike
3-1: Ground out 6-3 (Groundball, 6)
Now at SS: Alberto Gómez
Batting: LHB Enrique Cortéz 0-0: Swinging Strike
0-1: SINGLE (Groundball, 4MD)
Batting: LHB Phil Smith 0-0: Called Strike
0-1: Foul Ball, location: 2F
0-2: Ball
1-2: Ground out 3-1 (Groundball, 34)
Enrique Cortéz to second
Batting: RHB Frédéric Poitras 0-0: Ball
1-0: Swinging Strike
1-1: Swinging Strike
1-2: Strikes out swinging
Top of the 6th over - 0 run(s), 1 hit(s), 0 error(s), 1 left on base; Havana 1 - Trenton 2
BOTTOM OF THE 6TH
Trenton Stars batting - Pitching for Havana Rollers : LHP Guillermo Orozco
Batting: RHB Clancy Booker 0-0: Foul Ball, location: 2F
0-1: DOUBLE (Flyball, 9LD)
Batting: RHB José Balina 0-0: Intentional Walk
Batting: LHB Alberto Gómez 0-0: Ball
1-0: Ball
2-0: Ball
3-0: Base on Balls
Clancy Booker to third
José Balina to second
Batting: RHB Salvador Gonzáles 0-0: Ball
1-0: Foul Ball, location: 2F
1-1: Grounds into fielders choice 1-2 (Groundball, 25)
José Balina to third
Alberto Gómez to second
Batting: LHB Robinson Fernández 0-0: Called Strike
0-1: Foul Ball, location: 2F
0-2: SINGLE (Line Drive, 89S)
José Balina scores
Alberto Gómez to third
Salvador Gonzáles to second
Runner from 3rd tries for Home, SAFE, no throw or cutoff
Batting: RHB Jesús Dávila 0-0: 3-RUN HOME RUN (Flyball, 78XD), Distance : 400 ft
Pitching: LHP Mike Doss
Batting: LHB Felipe Guerrero 0-0: Called Strike
0-1: Foul Ball, location: 2F
0-2: Strikes out swinging
Batting: RHB Felipe Olivas 0-0: Ball
1-0: Fly out, F8 (Line Drive, 8LM)
Bottom of the 6th over - 5 run(s), 3 hit(s), 0 error(s), 0 left on base; Havana 1 - Trenton 7
TOP OF THE 7TH
Havana Rollers batting - Pitching for Trenton Stars : RHP José Ortíz
Batting: LHB Bob Martin 0-0: Ball
1-0: Ball
2-0: Foul Ball, location: 2F
2-1: Foul Ball, location: 2F
2-2: Strikes out swinging
Batting: LHB Felipe Cruz 0-0: Called Strike
0-1: Called Strike
0-2: Strikes out swinging
Batting: RHB Ed Sims 0-0: Ball
1-0: Called Strike
1-1: Foul Ball, location: 2F
1-2: Ball
2-2: Foul Ball, location: 2F
2-2: Ball
3-2: Foul Ball, location: 2F
3-2: Foul Ball, location: 2F
3-2: Base on Balls
Pitching: LHP Luis Guevara
Batting: RHB Jack Bailey 0-0: Fly out, F8 (Line Drive, 8LD)
Top of the 7th over - 0 run(s), 0 hit(s), 0 error(s), 1 left on base; Havana 1 - Trenton 7
BOTTOM OF THE 7TH
Trenton Stars batting - Pitching for Havana Rollers : LHP Mike Doss
Batting: SHB Rafael Villa 0-0: Ball
1-0: Ball
2-0: Called Strike
2-1: Ball
3-1: Ground out 6-3 (Groundball, 6)
Batting: RHB Clancy Booker 0-0: Ball
1-0: Foul Ball, location: 2F
1-1: SINGLE (Groundball, 34D)
Batting: RHB José Balina 0-0: Foul Ball, location: 2F
0-1: Called Strike
0-2: Ball
1-2: Ball
2-2: Foul Ball, location: 2F
2-2: Strikes out swinging
Batting: LHB Alberto Gómez 0-0: Ball
1-0: Called Strike
1-1: Fly out, F7 (Flyball, 7M)
Bottom of the 7th over - 0 run(s), 1 hit(s), 0 error(s), 1 left on base; Havana 1 - Trenton 7
TOP OF THE 8TH
Havana Rollers batting - Pitching for Trenton Stars : LHP Luis Guevara
Batting: LHB Doug Thompson 0-0: Ball
1-0: Swinging Strike
1-1: Ball
2-1: Swinging Strike
2-2: Strikes out looking
Batting: LHB Wilson Allen 0-0: Ball
1-0: Called Strike
1-1: Foul Ball, location: 2F
1-2: Strikes out swinging
Batting: LHB Enrique Cortéz 0-0: Called Strike
0-1: SINGLE (Groundball, 56)
Batting: LHB Phil Smith 0-0: Hit by Pitch
Enrique Cortéz to second
Batting: RHB Frédéric Poitras 0-0: Fly out, F9 (Popup, 4D)
Top of the 8th over - 0 run(s), 1 hit(s), 0 error(s), 2 left on base; Havana 1 - Trenton 7
BOTTOM OF THE 8TH
Trenton Stars batting - Pitching for Havana Rollers : LHP Mike Doss
Batting: RHB Salvador Gonzáles 0-0: Ball
1-0: SINGLE (Groundball, 6MD)
Batting: LHB Robinson Fernández 0-0: Ball
1-0: Ball
Wild Pitch!
Salvador Gonzáles to second
2-0: Ball
3-0: Called Strike
3-1: Base on Balls
Batting: RHB Jesús Dávila 0-0: Ball
1-0: Called Strike
1-1: Foul Ball, location: 2F
1-2: SINGLE (Line Drive, 9LS)
Salvador Gonzáles to third
Robinson Fernández to second
Batting: LHB Felipe Guerrero 0-0: Called Strike
0-1: Fly out, F8 (Flyball, 8LD)
Runner from 3rd tags up, SCORES, no throw
Robinson Fernández to third
Pitching: LHP Jorge Gómez
Batting: RHB Felipe Olivas 0-0: Ball
1-0: Called Strike
1-1: Called Strike
1-2: Ball
2-2: Ball
3-2: SINGLE (Line Drive, 34)
Robinson Fernández scores
Jesús Dávila to second
Jesús Dávila to third
Batting: SHB Rafael Villa 0-0: Ball
1-0: Ball
2-0: Foul Ball, location: 2F
2-1: SINGLE (Flyball, 8LS)
Jesús Dávila scores
Felipe Olivas to second
Batting: RHB Clancy Booker 0-0: Ball
1-0: Foul Ball, location: 2F
1-1: Called Strike
1-2: Strikes out looking
Batting: RHB José Balina 0-0: Ball
1-0: Fly out, F4 (Popup, 4D)
Bottom of the 8th over - 3 run(s), 4 hit(s), 0 error(s), 2 left on base; Havana 1 - Trenton 10
TOP OF THE 9TH
Havana Rollers batting - Pitching for Trenton Stars : LHP Luis Guevara
Batting: LHB Bob Martin 0-0: Called Strike
0-1: Swinging Strike
0-2: Foul Ball, location: 2F
0-2: Strikes out swinging
Batting: LHB Felipe Cruz 0-0: Called Strike
0-1: Fly out, F9 (Flyball, 89XD)
Batting: RHB Ed Sims 0-0: Ball
1-0: Ball
2-0: Ball
3-0: Called Strike
3-1: Base on Balls
Batting: RHB Jack Bailey 0-0: Called Strike
0-1: Foul Ball, location: 2F
0-2: Strikes out looking
Top of the 9th over - 0 run(s), 0 hit(s), 0 error(s), 1 left on base; Havana 1 - Trenton 10
This league is powered by Out of the Park Baseball, the baseball management simulation game for PC, Mac and Linux
Tuesday, August 2nd, 2016 - OOTP Baseball 16.8 Build 38